 Dungeon Sprint DCSS version 0.27-a0-1137-g3ef0f4ec91 (webtiles) character file.

Game seed: 15671361288040226224

12603 Zeld the Warrior (level 11, -2/113 HPs)
             Began as a Minotaur Berserker on May 6, 2021.
             Was a High Priest of Trog.
             Slain by a 12-headed hydra (10 damage)
             ... in the Dungeon (Sprint I: "Red Sonja").
             The game lasted 00:19:40 (8198 turns).

Zeld the Warrior (Minotaur Berserker)               Turns: 8198, Time: 00:19:41

Health: -2/113     AC: 19    Str: 24    XL:     11   Next: 64%
Magic:  2/2        EV: 10    Int:  4    God:    Trog [*****.]
Gold:   18         SH:  0    Dex:  7    Spells: 10/10 levels left

rFire    . . .     SeeInvis .   b - +8 Wrath of Trog {antimagic, *Rage}
rCold    . . .     Faith    .   (shield currently unavailable)
rNeg     . . .     Spirit   .   c - +1 plate armour
rPois    .         Reflect  .   e - +2 hat
rElec    .         Harm     .   l - +0 cloak {rCorr}
rCorr    +         Rampage  .   k - +2 pair of gloves
Will     .....     Rnd*Rage +   d - +0 pair of boots Stlth ..........NoTele +
                                (no amulet)
HPRegen  0.28/turn              j - ring of resist corrosion
MPRegen  0.08/turn              (no ring)

@: unable to read
A: horns 2, retaliatory headbutt, hooves 1, clumsy 2, deterioration 1, frail 1,
low mp 1, screaming 1, subdued magic 3, inability to read while threatened
a: Renounce Religion, Berserk, Trog's Hand, Brothers in Arms


You were in the Dungeon.
You worshipped Trog.
Trog was extremely pleased with you.
You visited 1 branch You collected 2080 gold pieces.
You spent 2062 gold pieces at shops.

Inventory:

Hand Weapons
 b - the +8 Wrath of Trog (weapon) {antimagic, *Rage}
   (You found it in the Dungeon)

   It reduces the magical energy of the wielder, and disrupts the spells and
   magical abilities of those hit.
   Natural abilities and divine invocations are not affected.
   It may make you go berserk in combat.
 s - a +5 vorpal war axe
Armour
 c - a +1 plate armour (worn)
 d - a +0 pair of boots (worn)
 e - a +2 hat (worn)
 k - a +2 pair of gloves (worn)
 l - a +0 cloak of preservation (worn)
Jewellery
 j - a ring of resist corrosion (left hand)
Wands
 a - a wand of charming (16)
Scrolls
 n - a scroll of blinking
 r - 2 scrolls of fear
Potions
 f - 3 potions of magic
 g - a potion of berserk rage
 q - a potion of resistance {unknown}


   Skills:
 - Level 20.6 Fighting
 * Level 15.4 Axes
 - Level 2.4 Armour
 - Level 19.0 Dodging


You had 10 spell levels left.
You didn't know any spells.
Your spell library was empty.

Dungeon Overview and Level Annotations

Branches:
Dungeon (1/1)

Altars:
Cheibriados
Dithmenos
Elyvilon
Fedhas
Gozag
Hepliaklqana
Kikubaaqudgha
Makhleb
Nemelex Xobeh
Okawaru
Qazlal
Ru
Sif Muna
Trog
Uskayaw
Vehumet
Wu Jian
Xom
Yredelemnul
Zin
The Shining One
Jiyva
Lugonu

Shops:
D :[*[[*?:[[*[::?!?![[=


Innate Abilities, Weirdness & Mutations

You have a pair of horns on your head.
You reflexively headbutt those who attack you in melee.
You have large cloven feet.
You are very clumsy. (Dex -4)
Your body sometimes deteriorates upon taking damage.
You are frail. (-10% HP)
Your magical capacity is low. (-10% MP)
You occasionally shout uncontrollably at your foes.
Your spells are much easier to cast, but much less powerful.
You sometimes lose the ability to read scrolls when taking damage.


Message History

The 12-headed hydra bites you.
The 12-headed hydra bites you but does no damage.
The 12-headed hydra completely misses you.
The 12-headed hydra bites you but does no damage. x2
The 12-headed hydra bites you! The 12-headed hydra bites you.
* * * LOW HITPOINT WARNING * * *
The floating eye's stare focuses on you.
You can move again.
There is an open door, spattered with blood here.
Okay, then.
You cannot read scrolls in your current state!
Unknown command.
The floating eye gazes piercingly through you!
You shrug off the repeated paralysis!
Okay, then.
Your deep troll goes berserk!
The 12-headed hydra bites you but does no damage.
The 12-headed hydra bites you.
* * * LOW HITPOINT WARNING * * *
The 12-headed hydra bites you!
* * * LOW HITPOINT WARNING * * *
The 12-headed hydra closely misses you. x2; The 12-headed hydra bites you.
* * * LOW HITPOINT WARNING * * *
The 12-headed hydra bites you but does no damage.
The 12-headed hydra bites you.
* * * LOW HITPOINT WARNING * * *
The 12-headed hydra bites you but does no damage.
The 12-headed hydra completely misses you.
The 12-headed hydra bites you!
* * * LOW HITPOINT WARNING * * *
The 12-headed hydra barely misses you.
Your deep troll bites the floating eye.
Your deep troll claws the floating eye! x2
The floating eye dies!
Trog accepts your kill.
Things that are here:
a +1 antimagic battleaxe; a +0 dagger; a +0 robe Your deep troll rages.
The 12-headed hydra bites you but does no damage. x3
The 12-headed hydra bites you!
You die...

#################################
.)..#..'..#__#..@DT.#..#§§§.§§§§§
.#..').#..'^.'..#).)##'#G####§§§§
###'#####'#__####...'..#§# ###§.§
##..#...#.####§.#####..§.#+#$###+
_####..##.#≈§§..#..##§####^.$#y#§
____##'#_.§§§§§§§§.#.....#..$###.
.∩...'..._#§§§§.#..#...○.+..$$$##
..__##_.#'##'#####'###.°○#^....#
____###'#.#.)..###.'.#.○°###++##


You could see a 12-headed hydra (ally target) and a friendly deep troll
(summoned, berserk).

Vanquished Creatures
  A lorocyproca (D)
  2 centaur warriors (D)
  A deep troll (D)
  An oklob plant (D)
  8 shining eyes (D)
  A gargoyle (D)
  2 kobold demonologists (D)
  2 unseen horrors (D)
  A hornet (D)
  A slime creature (D)
  Sigmund (D)
  2 redbacks (D)
  A yak (D)
  13 hogs (D)
  6 floating eyes (D)
  An ogre (D)
  7 necrophages (D)
  A wolf (D)
  8 jellies (D)
  Ijyb (D)
  A ballistomycete spore (D)
62 creatures vanquished.

Vanquished Creatures (collateral kills)
  A lindwurm (D)
  4 demonic crawlers (D)
  A floating eye (D)
6 creatures vanquished.

Vanquished Creatures (others)
  A gargoyle (D)
  A ballistomycete spore (D)
2 creatures vanquished.

Grand Total: 70 creatures vanquished

Notes
Turn   | Place    | Note
-------+----------+-------------------------------------------
     0 | D        | Zeld the Minotaur Berserker began the quest for the Orb.
     0 | D        | Reached XP level 1. HP: 19/19 MP: 0/0
   186 | D        | Noticed Ijyb
   191 | D        | Killed Ijyb
   192 | D        | Reached skill level 5 in Fighting
   192 | D        | Reached skill level 5 in Axes
   192 | D        | Reached XP level 2. HP: 29/29 MP: 1/1
   387 | D        | Killed a gargoyle
   523 | D        | Noticed an ogre
   529 | D        | Killed an ogre
   530 | D        | Reached skill level 7 in Fighting
   530 | D        | Reached XP level 3. HP: 20/39 MP: 2/2
   530 | D        | Reached XP level 4. HP: 24/47 MP: 3/3
   893 | D        | Noticed Sigmund
   899 | D        | Killed Sigmund
   899 | D        | Reached ** piety under Trog
   900 | D        | Reached skill level 9 in Fighting
   900 | D        | Reached XP level 5. HP: 57/57 MP: 4/4
   900 | D        | Reached XP level 6. HP: 64/64 MP: 5/5
   995 | D        | Found an ornate altar of the Wu Jian Council.
   995 | D        | Found a shimmering blue altar of Sif Muna.
   997 | D        | Found a radiant altar of Vehumet.
  1493 | D        | Found Yttiret's Armour Emporium.
  1493 | D        | Found an ancient bone altar of Kikubaaqudgha.
  1493 | D        | Found a hazy altar of Hepliaklqana.
  1493 | D        | Found a stormy altar of Qazlal.
  1493 | D        | Found a hide-covered altar of Uskayaw.
  1493 | D        | Found a blossoming altar of Fedhas.
  1493 | D        | Found a bloodstained altar of Trog.
  1493 | D        | Found an iron altar of Okawaru.
  1493 | D        | Found a basalt altar of Yredelemnul.
  1493 | D        | Found a glowing golden altar of the Shining One.
  1493 | D        | Found a snail-covered altar of Cheibriados.
  1493 | D        | Found a sacrificial altar of Ru.
  1493 | D        | Found a glowing silver altar of Zin.
  1493 | D        | Found a shadowy altar of Dithmenos.
  1493 | D        | Found a white marble altar of Elyvilon.
  1493 | D        | Noticed a yak
  1496 | D        | Killed a yak
  1497 | D        | Reached skill level 10 in Fighting
  1497 | D        | Reached skill level 10 in Axes
  1497 | D        | Found an opulent altar of Gozag.
  1501 | D        | Found a sparkling altar of Nemelex Xobeh.
  1619 | D        | Bought a +2 pair of gloves for 165 gold pieces
  1619 | D        | Bought a +0 cloak of preservation for 115 gold pieces
  1736 | D        | Found a burning altar of Makhleb.
  1736 | D        | Found a viscous altar of Jiyva.
  1736 | D        | Found a shimmering altar of Xom.
  1736 | D        | Found a corrupted altar of Lugonu.
  1736 | D        | Noticed a slime creature
  1743 | D        | Killed a slime creature
  1744 | D        | Reached skill level 11 in Fighting
  1744 | D        | Reached skill level 10 in Dodging
  1744 | D        | Reached XP level 7. HP: 56/74 MP: 6/6
  2015 | D        | Noticed Sonja
  2039 | D        | Noticed Sonja
  2039 | D        | Sonja changed into Sonja the wolf
  2297 | D        | Killed Sonja the wolf
  2297 | D        | Reached *** piety under Trog
  2502 | D        | Noticed a deep troll
  2508 | D        | Killed a deep troll
  2509 | D        | Reached skill level 12 in Fighting
  2509 | D        | Reached XP level 8. HP: 84/85 MP: 7/7
  2662 | D        | Found Nuanonej's Armour Emporium.
  2712 | D        | Bought a +2 hat for 208 gold pieces
  2808 | D        | Found Ilanetie's Book Boutique.
  2826 | D        | Noticed a shining eye
  2826 | D        | Noticed a shining eye
  2826 | D        | Noticed a shining eye
  2826 | D        | Gained mutation: You sometimes lose the ability to read
                  | scrolls when taking damage. [a shining eye]
  2829 | D        | Paralysed by a floating eye for 2 turns
  2839 | D        | Killed a shining eye
  2840 | D        | Reached skill level 13 in Fighting
  2841 | D        | Reached **** piety under Trog
  2843 | D        | Gained mutation: You have large cloven feet. [a shining
                  | eye]
  2844 | D        | Noticed a shining eye
  2847 | D        | Killed a shining eye
  2847 | D        | Gained mutation: You occasionally shout uncontrollably at
                  | your foes. [a shining eye]
  2848 | D        | Reached skill level 14 in Fighting
  2848 | D        | Reached XP level 9. HP: 96/96 MP: 8/8
  2850 | D        | Gained mutation: Your magical capacity is low. (-10% MP) [a
                  | shining eye]
  3012 | D        | Noticed a shining eye
  3012 | D        | Noticed a shining eye
  3014 | D        | Noticed a shining eye
  3014 | D        | Noticed a shining eye
  3015 | D        | Gained mutation: You are clumsy. (Dex -2) [a shining eye]
  3017 | D        | Gained mutation: Your spells are a little easier to cast,
                  | but a little less powerful. [a shining eye]
  3018 | D        | Paralysed by a floating eye for 3 turns
  3019 | D        | Gained mutation: Your body sometimes deteriorates upon
                  | taking damage. [a shining eye]
  3020 | D        | Gained mutation: You are frail. (-10% HP) [a shining eye]
  3021 | D        | Gained mutation: Your spells are easier to cast, but less
                  | powerful. [a shining eye]
  3023 | D        | Killed a shining eye
  3024 | D        | Reached skill level 15 in Fighting
  3024 | D        | Killed a shining eye
  3025 | D        | Reached ***** piety under Trog
  3027 | D        | Killed a shining eye
  3028 | D        | Reached skill level 16 in Fighting
  3029 | D        | Killed a shining eye
  3030 | D        | Reached skill level 15 in Dodging
  3031 | D        | Gained mutation: Your spells are much easier to cast, but
                  | much less powerful. [a shining eye]
  3031 | D        | Gained mutation: You are very clumsy. (Dex -4) [a shining
                  | eye]
  3032 | D        | Killed a shining eye
  3033 | D        | Reached XP level 10. HP: 99/99 MP: 8/8
  3035 | D        | Killed a shining eye
  3036 | D        | Reached skill level 17 in Fighting
  3131 | D        | Found Gonosafo's Armour Shop.
  3131 | D        | Found Hogij's Armour Shoppe.
  3131 | D        | Found Idghigoz's Assorted Antiques.
  3131 | D        | Found Nyrurch's General Store.
  3174 | D        | Bought a scroll of blinking for 97 gold pieces
  3174 | D        | Bought a scroll of enchant weapon for 97 gold pieces
  3181 | D        | Bought a scroll labelled KIPIASTRULA for 31 gold pieces
  3181 | D        | Bought a scroll labelled LUIRAIT CY ROA for 31 gold pieces
  3181 | D        | Bought a scroll labelled FEECSO MEAZICY for 31 gold pieces
  3181 | D        | Bought a sedimented cyan potion for 27 gold pieces
  3230 | D        | Paralysed by a floating eye for 4 turns
  3538 | D        | Received a gift from Trog
  4103 | D        | Noticed a lindwurm
  4120 | D        | Killed a lindwurm
  4121 | D        | Reached skill level 18 in Fighting
  4462 | D        | Reached skill level 19 in Fighting
  4467 | D        | Reached XP level 11. HP: 104/109 MP: 8/8
  4794 | D        | Noticed a daeva
  5177 | D        | Noticed a centaur warrior
  5178 | D        | Noticed a centaur warrior
  5182 | D        | Killed a centaur warrior
  5182 | D        | Reached ****** piety under Trog
  5186 | D        | Killed a centaur warrior
  5420 | D        | Noticed an oklob plant
  5427 | D        | Killed an oklob plant
  5428 | D        | Reached skill level 20 in Fighting
  5467 | D        | Received a gift from Trog
  5879 | D        | Received a gift from Trog
  5887 | D        | Found the +8 Wrath of Trog {antimagic, *Rage}
  6350 | D        | Identified the +0 battleaxe of Death {vorpal, rElec rCorr
                  | Dex-5} (Trog gifted it to you in the Dungeon)
  6350 | D        | Received a gift from Trog
  6592 | D        | Bought a +0 plate armour for 299 gold pieces
  6601 | D        | Bought a +0 pair of boots for 54 gold pieces
  6667 | D        | Found Hoziobbe's Distillery.
  6667 | D        | Found Fiath's Jewellery Emporium.
  6667 | D        | Found Jaceucsu's Antique Armour Emporium.
  6669 | D        | Found Cimexam's Magic Scroll Boutique.
  6669 | D        | Found Gumoih's Distillery.
  6669 | D        | Found Tuigad's Magic Scroll Shop.
  6669 | D        | Found Beufuxuu's Book Emporium.
  6669 | D        | Found Humasheiwu's Book Boutique.
  6669 | D        | Found Jaeck's Antique Armour Shoppe.
  6669 | D        | Found Sehuzan's General Store.
  6675 | D        | Found Zuetrale's Armour Emporium.
  6676 | D        | Bought a scroll of identify for 26 gold pieces
  6676 | D        | Found Leafoof's Armour Boutique.
  6676 | D        | Found Taeqoxeaff's Book Shoppe.
  6677 | D        | Found Hokeeghi's Magic Scroll Shop.
  6994 | D        | Noticed a 12-headed hydra
  7240 | D        | Killed a lorocyproca
  7241 | D        | Reached skill level 15 in Axes
  8084 | D        | Bought a scroll of brand weapon for 220 gold pieces
  8084 | D        | Bought a scroll of brand weapon for 220 gold pieces
  8084 | D        | Bought a scroll of brand weapon for 220 gold pieces
  8084 | D        | Bought a scroll of enchant armour for 82 gold pieces
  8084 | D        | Bought a scroll of blinking for 82 gold pieces
  8084 | D        | Bought a scroll of identify for 22 gold pieces
  8111 | D        | Bought a scroll of fear for 35 gold pieces
  8192 | D        | Paralysed by a floating eye for 2 turns
  8198 | D        | Slain by a 12-headed hydra

Illustrated notes

Levels and vault maps discovered:
D:        dungeon_sprint_1 [red_sonja_temple_1, red_sonja_temple_small_1]

Skill      XL: |  1  2  3  4  5  6  7  8  9 10 11 |
---------------+----------------------------------+-----
Fighting       | 5 7 9 11 12 14 16 19 20 | 20.6
Axes           | 5 7 9 11 12 14 15 | 15.4
Dodging        | 4 6 8 10 11 13 15 17 19 | 19.0
Armour         | |  2.4

Action                   |  1- 3 |  4- 6 |  7- 9 | 10-12 || total
-------------------------+-------+-------+-------+-------++-------
Melee: Hand axe          |     8 |    10 |    40 |    71 ||   129
       Headbutt          |     2 |     2 |    11 |    20 ||    35
       Unarmed           |       |     3 |       |       ||     3
       Kick              |       |       |     9 |    28 ||    37
       War axe           |       |       |       |    32 ||    32
       Battleaxe         |       |       |       |     5 ||     5
Invok: Berserk           |     2 |     5 |     6 |    11 ||    24
       Brothers in Arms  |       |       |       |     8 ||     8
Evoke: Wand              |       |       |     1 |     2 ||     3
  Use: Potion            |       |       |     3 |     3 ||     6
       Scroll            |       |       |     1 |    11 ||    12
Armor: Skin              |       |       |     3 |    24 ||    27
       Plate armour      |       |       |       |    26 ||    26
Dodge: Dodged            |     1 |     3 |    11 |    71 ||    86

Table legend: (Time is in decaauts)
 A = Elapsed time spent in this place.
 B = Non-inter-level travel time spent in this place.
 C = Inter-level travel time spent in this place.
 D = Time resting spent in this place.
 E = Time spent auto-exploring this place.
 F = Levels seen in this place.
 G = Mean time per level.
                   A        B        C        D        E       F      G
               +--------+--------+--------+--------+--------+-----+--------+
         Total |   8356 |   8053 |    303 |   6871 |      0 |   1 | 8356.0 |
       Dungeon |   8356 |   8053 |    303 |   6871 |      0 |   1 | 8356.0 |
               +--------+--------+--------+--------+--------+-----+--------+

Top non-repeatable levels by time:
       D: 8356 daAuts
